AA - U28
CORPUS CHRISTI HOOKS @ ROCKET CITY TRASH PANDAS
05/05/2052
 
TOP OF THE 1ST
St. Petersburg Flying Squirrels batting - Pitching for Arkansas Travelers : LHP Elijah Woods
Pitching: LHP Elijah Woods
Batting: RHB Scott Olin 0-0: Foul Ball, location: 2F
0-1: Foul Ball, location: 2F
0-2: Ball
1-2: Foul Ball, location: 2F
1-2: SINGLE (Groundball, 6M, EV 101.9 MPH) (infield hit)
Batting: LHB Peter Stafford 0-0: Ball
1-0: Ball
2-0: Ball
3-0: Foul Ball, location: 2F
3-1: Foul Ball, location: 2F
3-2: Fly out, F7 (Flyball, 78S, EV 80.6 MPH)
Batting: RHB Mario Woods 0-0: Ball
1-0: Called Strike
1-1: Ball
Balk!
Scott Olin to second
2-1: Foul Ball, location: 2F
2-2: Ball
3-2: Fly out, F8 (Flyball, 8RD, EV 102.5 MPH)
Runner from 2nd tags up, SAFE at 3rd with throw by CF
Batting: LHB Mathew Saunders 0-0: SINGLE (Line Drive, 89M, EV 100.0 MPH)
Scott Olin scores
Batting: RHB Ryan McLaughlin 0-0: Foul Ball, location: 2F
0-1: Ball
1-1: Ball
2-1: Ball
3-1: Called Strike
3-2: Foul Ball, location: 2F
3-2: 2-RUN HOME RUN (Flyball, 9D, EV 98.8 MPH), Distance : 371 ft
Batting: RHB Cash Coffey 0-0: Called Strike
0-1: Ball
1-1: Ball
2-1: Called Strike
2-2: Ball
3-2: DOUBLE (Line Drive, 9LS, EV 106.2 MPH)
Batting: LHB Camden Lowe 0-0: Ball
1-0: Ball
2-0: Ball
3-0: Base on Balls
Batting: RHB Marc Kawamura 0-0: Ball
Wild Pitch!
Cash Coffey to third
Camden Lowe to second
1-0: Ground out 3-1 (Groundball, 13, EV 91.9 MPH)
Top of the 1st over - 3 runs, 4 hits, 0 errors, 2 left on base; St. Petersburg 3 - Arkansas 0
BOTTOM OF THE 1ST
Arkansas Travelers batting - Pitching for St. Petersburg Flying Squirrels : RHP Robbie Minella
Pitching: RHP Robbie Minella
Batting: RHB Teddy Pettry 0-0: Ball
1-0: Swinging Strike
1-1: Swinging Strike
1-2: Ball
2-2: Strikes out swinging, 2-3 out at first.
Batting: LHB Ramon Olvera 0-0: Ball
1-0: Foul Ball, location: 2F
1-1: Foul Ball, location: 2F
1-2: Fly out, F6 (Popup, 6, EV 77.5 MPH)
Batting: LHB Jerry Nava 0-0: Swinging Strike
0-1: Called Strike
0-2: Ball
1-2: SINGLE (Flyball, 56D, EV 85.0 MPH)
Batting: LHB David Korpela 0-0: Ball
1-0: Ball
2-0: Foul Ball, location: 2F
2-1: Ball
3-1: Swinging Strike
3-2: Strikes out swinging, 2-3 out at first.
Bottom of the 1st over - 0 runs, 1 hit, 0 errors, 1 left on base; St. Petersburg 3 - Arkansas 0
TOP OF THE 2ND
St. Petersburg Flying Squirrels batting - Pitching for Arkansas Travelers : LHP Elijah Woods
Batting: RHB Vladimir Muñoz 0-0: Ball
1-0: Ground out 6-3 (Groundball, 6, EV 96.2 MPH)
Batting: RHB Scott Olin 0-0: Ground out 5-3 (Groundball, 56S, EV 78.8 MPH)
Batting: LHB Peter Stafford 0-0: Called Strike
0-1: Ball
1-1: Ball
2-1: Swinging Strike
2-2: Ball
3-2: Strikes out looking
Top of the 2nd over - 0 runs, 0 hits, 0 errors, 0 left on base; St. Petersburg 3 - Arkansas 0
BOTTOM OF THE 2ND
Arkansas Travelers batting - Pitching for St. Petersburg Flying Squirrels : RHP Robbie Minella
Batting: LHB Barton Rich 0-0: Called Strike
0-1: Ball
1-1: Fly out, F2 (Popup, 25F, EV 75.0 MPH)
Pitching: RHP Mike Neal
Batting: RHB James Mason 0-0: Ball
1-0: Ball
2-0: Ball
3-0: Base on Balls
Batting: RHB A.J. Mangin 0-0: Ball
1-0: SINGLE (Groundball, 6S, EV 72.5 MPH) (infield hit)
James Mason to second
Batting: RHB Jimmy Fletchall 0-0: DOUBLE (Line Drive, 78M, EV 103.1 MPH)
James Mason scores
A.J. Mangin to third
Batting: SHB Oliver Pineda 0-0: Foul Ball, location: 2F
0-1: Fly out, F3 (Line Drive, 3, EV 67.5 MPH)
Batting: RHB Teddy Pettry 0-0: Foul Ball, location: 2F
0-1: Foul Ball, location: 2F
0-2: Ball
1-2: Strikes out swinging
Bottom of the 2nd over - 1 run, 2 hits, 0 errors, 2 left on base; St. Petersburg 3 - Arkansas 1
TOP OF THE 3RD
St. Petersburg Flying Squirrels batting - Pitching for Arkansas Travelers : LHP Elijah Woods
Batting: RHB Mario Woods 0-0: Swinging Strike
0-1: Foul Ball, location: 2F
0-2: Ball
1-2: Ball
2-2: Strikes out looking
Batting: LHB Mathew Saunders 0-0: Called Strike
0-1: Foul Ball, location: 2F
0-2: Ball
1-2: Ball
2-2: Strikes out swinging
Batting: RHB Ryan McLaughlin 0-0: Ball
1-0: Ball
2-0: Ball
3-0: Called Strike
3-1: Foul Ball, location: 2F
3-2: Base on Balls
Batting: RHB Cash Coffey 0-0: Ball
1-0: Called Strike
1-1: Ball
2-1: Fly out, F9 (Flyball, 9, EV 94.4 MPH)
Top of the 3rd over - 0 runs, 0 hits, 0 errors, 1 left on base; St. Petersburg 3 - Arkansas 1
BOTTOM OF THE 3RD
Arkansas Travelers batting - Pitching for St. Petersburg Flying Squirrels : RHP Mike Neal
Batting: LHB Ramon Olvera 0-0: Ball
1-0: Swinging Strike
1-1: Foul Ball, location: 2F
1-2: Ball
2-2: Ball
3-2: Strikes out swinging
Batting: LHB Jerry Nava 0-0: Foul Ball, location: 2F
0-1: Ball
1-1: Swinging Strike
1-2: Ball
2-2: Strikes out swinging
Batting: LHB David Korpela 0-0: Foul Ball, location: 2F
0-1: Ball
1-1: Ball
2-1: SINGLE (Groundball, 34D, EV 108.8 MPH)
Batting: LHB Barton Rich 0-0: Foul Ball, location: 2F
0-1: Ball
1-1: Foul Ball, location: 2F
1-2: Foul Ball, location: 2F
1-2: Strikes out swinging
Bottom of the 3rd over - 0 runs, 1 hit, 0 errors, 1 left on base; St. Petersburg 3 - Arkansas 1
TOP OF THE 4TH
St. Petersburg Flying Squirrels batting - Pitching for Arkansas Travelers : LHP Elijah Woods
Batting: LHB Camden Lowe 0-0: Foul Ball, location: 2F
0-1: Ball
1-1: SINGLE (Groundball, 4MD, EV 107.5 MPH)
Batting: RHB Marc Kawamura 0-0: Foul Ball, location: 2F
0-1: Called Strike
0-2: Ball
1-2: Ball
2-2: Ball
3-2: Strikes out looking
Batting: RHB Vladimir Muñoz 0-0: Called Strike
0-1: Fly out, F9 (Flyball, 9, EV 80.6 MPH)
Batting: RHB Scott Olin 0-0: Ball
1-0: Ball
2-0: Ground out 5-3 (Groundball, 5L, EV 106.9 MPH)
Top of the 4th over - 0 runs, 1 hit, 0 errors, 1 left on base; St. Petersburg 3 - Arkansas 1
BOTTOM OF THE 4TH
Arkansas Travelers batting - Pitching for St. Petersburg Flying Squirrels : RHP Mike Neal
Batting: RHB James Mason 0-0: Fly out, F7 (Line Drive, 7, EV 101.2 MPH)
Batting: RHB A.J. Mangin 0-0: Ball
1-0: DOUBLE (Flyball, 8RD, EV 91.2 MPH)
Batting: RHB Jimmy Fletchall 0-0: SINGLE (Groundball, 6D, EV 103.8 MPH)
A.J. Mangin to third
Runner from 3rd tries for Home, SAFE, throw by CF to home
Jimmy Fletchall to second
Batting: SHB Oliver Pineda 0-0: Ball
1-0: Ball
2-0: Ground out U3 (Groundball, 13, EV 88.1 MPH)
Jimmy Fletchall to third
Batting: RHB Teddy Pettry 0-0: Ground out 5-3 (Groundball, 56, EV 84.4 MPH)
Bottom of the 4th over - 1 run, 2 hits, 0 errors, 1 left on base; St. Petersburg 3 - Arkansas 2
TOP OF THE 5TH
St. Petersburg Flying Squirrels batting - Pitching for Arkansas Travelers : LHP Elijah Woods
Batting: LHB Peter Stafford 0-0: Ball
1-0: Ball
2-0: Ball
3-0: Base on Balls
Batting: RHB Mario Woods 0-0: Ball
1-0: Ball
2-0: Called Strike
2-1: DOUBLE (Groundball, 5L, EV 103.8 MPH)
Peter Stafford to third
Batting: LHB Mathew Saunders 0-0: Swinging Strike
0-1: Swinging Strike
0-2: Ball
1-2: Ground out 4-3 (Groundball, 4, EV 82.5 MPH)
Peter Stafford scores
Mario Woods to third
Batting: RHB Ryan McLaughlin 0-0: Ball
1-0: Ball
2-0: Ball
3-0: Base on Balls
Batting: RHB Cash Coffey 0-0: Ball
1-0: Ball
Ryan McLaughlin steals 2nd base
2-0: Called Strike
2-1: Foul Ball, location: 2F
2-2: Foul Ball, location: 2F
2-2: Ball
3-2: Fly out, F4 (Flyball, 34D, EV 85.0 MPH)
Pitching: RHP Justin Avery
Batting: LHB Camden Lowe 0-0: Ball
1-0: Ball
2-0: Called Strike
2-1: Ball
3-1: Ground out 4-3 (Groundball, 4S, EV 87.5 MPH)
Top of the 5th over - 1 run, 1 hit, 0 errors, 2 left on base; St. Petersburg 4 - Arkansas 2
BOTTOM OF THE 5TH
Arkansas Travelers batting - Pitching for St. Petersburg Flying Squirrels : RHP Mike Neal
Batting: LHB Ramon Olvera 0-0: Foul Ball, location: 2F
0-1: Foul Ball, location: 2F
0-2: Ball
1-2: Ball
2-2: Strikes out swinging
Batting: LHB Jerry Nava 0-0: Called Strike
0-1: Foul Ball, location: 2F
0-2: Strikes out swinging
Batting: LHB David Korpela 0-0: Ball
1-0: Called Strike
1-1: Ball
2-1: Ball
3-1: Foul Ball, location: 2F
3-2: Strikes out looking
Bottom of the 5th over - 0 runs, 0 hits, 0 errors, 0 left on base; St. Petersburg 4 - Arkansas 2
TOP OF THE 6TH
St. Petersburg Flying Squirrels batting - Pitching for Arkansas Travelers : RHP Justin Avery
Batting: RHB Marc Kawamura 0-0: Called Strike
0-1: Called Strike
0-2: Ball
1-2: Strikes out looking
Batting: RHB Vladimir Muñoz 0-0: Ball
1-0: Foul Ball, location: 2F
1-1: Ball
2-1: Foul Ball, location: 2F
2-2: Ground out 5-3 (Groundball, 56, EV 104.4 MPH)
Batting: RHB Scott Olin 0-0: Ball
1-0: Ground out 4-3 (Groundball, 4, EV 96.2 MPH)
Top of the 6th over - 0 runs, 0 hits, 0 errors, 0 left on base; St. Petersburg 4 - Arkansas 2
BOTTOM OF THE 6TH
Arkansas Travelers batting - Pitching for St. Petersburg Flying Squirrels : RHP Mike Neal
Batting: LHB Barton Rich 0-0: Foul Ball, location: 2F
0-1: Ball
1-1: Ball
2-1: Swinging Strike
2-2: Foul Ball, location: 2F
2-2: Ball
3-2: SOLO HOME RUN (Line Drive, 9LD, EV 98.1 MPH), Distance : 364 ft
Pitching: RHP Mika Seiler
Batting: RHB James Mason 0-0: Called Strike
0-1: Foul Ball, location: 2F
0-2: Foul Ball, location: 2F
0-2: Foul Ball, location: 2F
0-2: Ball
1-2: Ground out 6-3 (Groundball, 6, EV 90.6 MPH)
Batting: RHB A.J. Mangin 0-0: Ball
1-0: Called Strike
1-1: Ground out 6-3 (Groundball, 6, EV 102.5 MPH)
Batting: RHB Jimmy Fletchall 0-0: Ball
1-0: Called Strike
1-1: Ball
2-1: Foul Ball, location: 2F
2-2: Foul Ball, location: 2F
2-2: Foul Ball, location: 2F
2-2: Ground out 6-3 (Groundball, 6, EV 99.4 MPH)
Bottom of the 6th over - 1 run, 1 hit, 0 errors, 0 left on base; St. Petersburg 4 - Arkansas 3
TOP OF THE 7TH
St. Petersburg Flying Squirrels batting - Pitching for Arkansas Travelers : RHP Justin Avery
Batting: LHB Peter Stafford 0-0: Called Strike
0-1: Ball
1-1: Ball
2-1: Foul Ball, location: 2F
2-2: Strikes out swinging
Batting: RHB Mario Woods 0-0: SINGLE (Groundball, 56D, EV 101.9 MPH) (infield hit)
Batting: LHB Mathew Saunders 0-0: Ball
1-0: Ball
2-0: Foul Ball, location: 2F
2-1: Foul Ball, location: 2F
2-2: Strikes out swinging
Batting: RHB Ryan McLaughlin 0-0: Ball
1-0: Ball
2-0: Swinging Strike
2-1: Ball
3-1: Called Strike
3-2: Foul Ball, location: 2F
3-2: Strikes out looking
Top of the 7th over - 0 runs, 1 hit, 0 errors, 1 left on base; St. Petersburg 4 - Arkansas 3
BOTTOM OF THE 7TH
Arkansas Travelers batting - Pitching for St. Petersburg Flying Squirrels : RHP Mika Seiler
Batting: SHB Oliver Pineda 0-0: Ground out U3 (Groundball, 3, EV 101.2 MPH)
Batting: RHB Teddy Pettry 0-0: Called Strike
0-1: Swinging Strike
0-2: Ball
1-2: Ball
2-2: Ball
3-2: Foul Ball, location: 2F
3-2: Foul Ball, location: 2F
3-2: Ground out 6-3 (Groundball, 6M, EV 98.8 MPH)
Pitching: LHP Cid Loera
Batting: LHB Ramon Olvera 0-0: Ball
1-0: Ball
2-0: SINGLE (Groundball, 5D, EV 96.9 MPH)
Batting: LHB Jerry Nava 0-0: Ball
1-0: SINGLE (Line Drive, 89S, EV 90.0 MPH)
Ramon Olvera to second
Runner from 2nd tries for 3rd, SAFE, throw by RF made to third
Pinch Hitting: RHB Ted Jackman 0-0: Ball
1-0: Ball
2-0: Called Strike
2-1: Foul Ball, location: 2F
2-2: Ball
3-2: Strikes out swinging
Bottom of the 7th over - 0 runs, 2 hits, 0 errors, 2 left on base; St. Petersburg 4 - Arkansas 3
TOP OF THE 8TH
St. Petersburg Flying Squirrels batting - Pitching for Arkansas Travelers : RHP Justin Avery
Now in RF: Ted Jackman
Batting: RHB Cash Coffey 0-0: Fly out, F8 (Line Drive, 8RD, EV 104.4 MPH)
Batting: LHB Camden Lowe 0-0: SINGLE (Groundball, 6MD, EV 104.4 MPH)
Batting: RHB Marc Kawamura 0-0: Called Strike
0-1: Ball
1-1: Fly out, F7 (Flyball, 78M, EV 90.0 MPH)
Batting: RHB Vladimir Muñoz 0-0: Foul Ball, location: 2F
0-1: Ball
1-1: Foul Ball, location: 2F
1-2: Foul Ball, location: 2F
1-2: Foul Ball, location: 2F
1-2: Strikes out swinging
Top of the 8th over - 0 runs, 1 hit, 0 errors, 1 left on base; St. Petersburg 4 - Arkansas 3
BOTTOM OF THE 8TH
Arkansas Travelers batting - Pitching for St. Petersburg Flying Squirrels : LHP Cid Loera
Pinch Hitting: RHB Jim Howell 0-0: Called Strike
0-1: Foul Ball, location: 2F
0-2: Strikes out looking
Batting: RHB James Mason 0-0: Ball
1-0: Ball
2-0: Called Strike
2-1: Ground out 1-3 (Groundball, 13S, EV 61.2 MPH)
Batting: RHB A.J. Mangin 0-0: Fly out, F8 (Flyball, 8LM, EV 76.2 MPH)
Bottom of the 8th over - 0 runs, 0 hits, 0 errors, 0 left on base; St. Petersburg 4 - Arkansas 3
TOP OF THE 9TH
St. Petersburg Flying Squirrels batting - Pitching for Arkansas Travelers : RHP Justin Avery
Now in LF: Hugh Piazza
Now in CF: Teddy Pettry
Batting: RHB Scott Olin 0-0: Called Strike
0-1: Swinging Strike
0-2: Ball
1-2: Fly out, F9 (Flyball, 9LS, EV 83.8 MPH)
Pitching: RHP Mel Tavarez
Batting: LHB Peter Stafford 0-0: Foul Ball, location: 2F
0-1: Swinging Strike
0-2: Foul Ball, location: 2F
0-2: Ball
1-2: Foul Ball, location: 2F
1-2: Foul Ball, location: 2F
1-2: Ball
2-2: Ball
3-2: DOUBLE (Line Drive, 7LM, EV 110.0 MPH)
Batting: RHB Mario Woods 0-0: Called Strike
0-1: Ball
1-1: SINGLE (Line Drive, 89S, EV 88.1 MPH)
Peter Stafford to third
Runner from 3rd tries for Home, SAFE, throw by RF to home
Batting: LHB Mathew Saunders 0-0: Ball
1-0: Swinging Strike
1-1: Ball
2-1: Swinging Strike
2-2: Foul Ball, location: 2F
2-2: Strikes out swinging
Batting: RHB Ryan McLaughlin 0-0: Foul Ball, location: 2F
0-1: Ball
1-1: Ball
2-1: Ball
3-1: Base on Balls
Mario Woods to second
Batting: RHB Cash Coffey 0-0: Ball
1-0: Called Strike
1-1: Ball
2-1: Foul Ball, location: 2F
2-2: Strikes out swinging
Top of the 9th over - 1 run, 2 hits, 0 errors, 2 left on base; St. Petersburg 5 - Arkansas 3
BOTTOM OF THE 9TH
Arkansas Travelers batting - Pitching for St. Petersburg Flying Squirrels : LHP Cid Loera
Pitching: RHP Parker Halverson
Batting: RHB Jimmy Fletchall 0-0: Ball
1-0: Ball
2-0: Ground out 5-3 (Groundball, 56, EV 91.2 MPH)
Pinch Hitting: RHB Ramon Aleman 0-0: Called Strike
0-1: Ball
1-1: Foul Ball, location: 2F
1-2: Ball
2-2: Foul Ball, location: 2F
2-2: DOUBLE (Flyball, 8LXD, EV 105.0 MPH)
Batting: RHB Teddy Pettry 0-0: DOUBLE (Line Drive, 7LS, EV 96.2 MPH)
Ramon Aleman scores
Batting: LHB Ramon Olvera 0-0: Fly out, F7 (Flyball, 78S, EV 91.2 MPH)
Batting: LHB Jerry Nava 0-0: Foul Ball, location: 2F
0-1: Foul Ball, location: 2F
0-2: Foul Ball, location: 2F
0-2: Strikes out swinging
Bottom of the 9th over - 1 run, 2 hits, 0 errors, 1 left on base; St. Petersburg 5 - Arkansas 4
Friday, April 19th , 2024 - OOTP Baseball 24.11 Build 85